 Dungeon Crawl Stone Soup version 0.17-a0-2127-g1cb09f6 (webtiles) character file.

8313 Maka the Bludgeoner (level 11, -4/169 HPs)
             Began as an Ogre Berserker on Oct 22, 2015.
             Was an Elder of Trog.
             Slain by an orc warrior
             ... wielding a +0 short sword
              (25 damage)
             ... on level 9 of the Dungeon.
             The game lasted 00:19:28 (9542 turns).

Maka the Bludgeoner (Ogre Berserker)                Turns: 9542, Time: 00:19:28

Health: -4/169     AC:  6    Str: 31    XL:     11   Next: 28%
Magic:  11/11      EV: 13    Int:  6    God:    Trog [****..]
Gold:   558        SH:  0    Dex: 12    Spells: 0 memorised, 10 levels left

rFire  . . .     SeeInvis .     a - +1 giant spiked club
rCold  . . .     Clarity  .     B - +2 robe {rN+}
rNeg   + . .     SustAt   .     (no shield)
rPois  .         Gourm    .     (helmet restricted)
rElec  .         Spirit   .     l - +0 cloak
rCorr  .         Warding  .     (gloves unavailable)
rMut   .         Stasis   .     (boots unavailable)
MR     +++..                    (no amulet)
Stlth  ..........               (no ring)
                                J - +2 ring of strength

@: berserking, regenerating, very quick, extremely resistant to hostile
enchantments, extremely unstealthy
A: unfitting armour, tough skin 1
a: Berserk, Trog's Hand, Brothers in Arms, Burn Spellbooks, Renounce Religion


You were on level 9 of the Dungeon.
You worshipped Trog.
Trog was greatly pleased with you.
You were not hungry.

You visited 1 branch of the dungeon, and saw 9 of its levels.

You collected 558 gold pieces.

Inventory:

Hand Weapons
 a - a +1 giant spiked club (weapon)
 b - a +2 flail of protection
Missiles
 F - a throwing net (quivered)
Armour
 l - a +0 cloak (worn)
 B - a +2 robe of positive energy (worn)
Jewellery
 J - a +2 ring of strength (left hand)
Wands
 j - a wand of digging (15)
 o - a wand of random effects (7)
 y - a wand of random effects (43)
 A - a wand of frost (20)
 D - a wand of cold (4)
 K - a wand of confusion (26)
 Z - a wand of hasting (6)
Scrolls
 f - 2 scrolls of recharging
 g - 2 scrolls of teleportation
 i - 6 scrolls of remove curse
 n - a scroll of fear
 q - a scroll of enchant armour
 t - a scroll of enchant weapon
 v - 2 scrolls of identify
Potions
 d - 4 potions of agility
 e - 3 potions of cancellation
 k - 2 potions of resistance
 m - a potion of cure mutation
 p - 2 potions of heal wounds
 s - a potion of ambrosia {unknown}
 w - 2 potions of haste {unknown}
 x - 2 potions of invisibility
 z - 2 potions of curing {unknown}
 G - a potion of might
 I - a potion of degeneration {unknown}
Books
 r - a book of Fire

   Spells                             Type                      Level
   a - Ignite Poison                  Fire/Transmutation/Poison    3
   b - Fireball                       Conjuration/Fire             5
   c - Bolt of Fire                   Conjuration/Fire             6
   d - Delayed Fireball               Conjuration/Fire             7
   e - Ring of Flames                 Charms/Fire                  7
   Trog disapproves of the use of such an item.
 u - a book of the Sky

   Spells                             Type                      Level
   a - Summon Lightning Spire         Summoning/Air                4
   b - Airstrike                      Air                          4
   c - Silence                        Hexes/Air                    5
   d - Deflect Missiles               Charms/Air                   6
   e - Conjure Ball Lightning         Conjuration/Air              6
   f - Tornado                        Air                          9
   Trog disapproves of the use of such an item.
 E - a book of Unlife

   Spells                             Type                      Level
   a - Recall                         Summoning/Translocation      3
   b - Animate Dead                   Necromancy                   4
   c - Control Undead                 Necromancy                   4
   d - Cigotuvi's Embrace             Necromancy                   5
   e - Death Channel                  Necromancy                   6
   f - Simulacrum                     Ice/Necromancy               6
   Trog disapproves of the use of such an item.
Comestibles
 c - 10 bread rations
 h - 6 meat rations
 C - a beef jerky
 H - 2 chunks of flesh


   Skills:
 + Level 8.6 Fighting
 - Level 17.2 Maces & Flails
 - Level 8.0 Dodging


You had 10 spell levels left.
You didn't know any spells.

Dungeon Overview and Level Annotations

Branches:
Dungeon (9/15)             Temple (0/1) D:7            Lair (0/8) D:9
    Orc (0/4) D:9

Altars:
Ashenzari
Cheibriados
Fedhas
Gozag
Kikubaaqudgha
Nemelex Xobeh
Okawaru
Sif Muna
Trog
Xom
Zin
The Shining One

Shops:
D:6 (


Innate Abilities, Weirdness & Mutations

You are too large for most types of armour.
You have tough skin (AC +1).


Message History

The orc warrior misses you.
You puncture the orc warrior!
The orc warrior is heavily wounded.
The orc warrior hits you but does no damage.
Use which ability?
Your skin crawls.
You feel resistant to hostile enchantments.
You feel slightly more hungry.
The orc warrior hits you with a short sword!!
* * * LOW HITPOINT WARNING * * *
Use which ability?
A red film seems to cover your vision as you go berserk!
You feel yourself moving faster!
You feel mighty!
You feel somewhat more hungry. The orc warrior misses you.
The orc warrior hits you with a short sword!
* * * LOW HITPOINT WARNING * * *
You closely miss the orc warrior.
The orc warrior is heavily wounded.
The orc warrior hits you with a short sword!!
You die...

#.# #.........)......# #.#
#.# #.......#######..# #.#
#.# #.......#######..# #.#
#.# #.......##_._##..# #.#
#.# #.......##...##..# #.#
#.# #.......##...##..# #.#
#.# #.......##...##..# #.#
#.#
#.......##.o.##..#######.###
#.#
#.......##.@.##.............
#.#
#.......###'###.............
#.#
#..#####....<...#######.....
#.# #..# #........# #.....
#.###..# #........# #.....
#......# #........# #.....
#......# #........# #.....
#......# #........# #.....
#..###.# #........# #.....


You could see an orc warrior (berserk).

Vanquished Creatures
  Erica (D:9)
  Erolcha (D:9)
  The ghost of Vex the Ruffian, a novice TrMo (D:5)
  Pikel (D:5)
  The ghost of Maka the Grappler, a novice DrTm of Okawaru (D:7)
  Joseph (D:8)
  Psyche (D:8)
  The ghost of Maka the Basher, an amateur OgBe of Trog (D:4)
  A merfolk (D:9)
  Prince Ribbit (D:5)
  A wyvern (D:6)
  4 yaks (D:9)
  A hippogriff (D:8)
  Edmund (D:5)
  Duvessa (D:4)
  An ice beast (D:4)
  3 orc warriors
  The ghost of Vex the Ruffian, an amateur TrMo (D:3)
  2 black bears
  A gnoll sergeant (D:5)
  A necrophage (D:9)
  3 ogres
  6 centaurs
  Dowan (D:4)
  4 giant frogs
  A wyvern skeleton (D:7)
  2 scorpions
  5 crimson imps
  A centaur zombie (D:5)
  An electric eel (D:7)
  3 orc priests
  A quasit (D:9)
  2 giant frog skeletons
  5 hounds
  3 jellies
  Crazy Yiuf (D:6)
  Jessica (D:2)
  A centaur skeleton (D:4)
  6 orc wizards
  A killer bee zombie (D:8)
  4 iguanas
  3 worker ants
  6 adders
  7 gnolls
  2 shadow imps (D:5)
  2 adder skeletons
  3 worms
  21 orcs
  A ball python (D:3)
  6 bats
  8 hobgoblins
  9 kobolds
  5 quokkas
  5 giant cockroaches
  8 giant geckos
  A giant gecko skeleton (D:4)
  3 giant newts
  5 goblins
  4 quokka skeletons
  22 rats
  2 fungi (D:6)
202 creatures vanquished.

Vanquished Creatures (others)
  3 slaves (D:5)
  A hound (D:5)
  A gnoll (D:5)
5 creatures vanquished.

Grand Total: 207 creatures vanquished

Notes
Turn   | Place    | Note
--------------------------------------------------------------
     0 | D:1      | Maka the Ogre Berserker began the quest for the Orb.
     0 | D:1      | Reached XP level 1. HP: 24/24 MP: 1/1
   161 | D:1      | Reached XP level 2. HP: 28/32 MP: 2/2
   310 | D:1      | Reached skill level 5 in Maces & Flails
   397 | D:1      | Reached ** piety under Trog
   583 | D:2      | Reached XP level 3. HP: 28/39 MP: 3/3
   979 | D:2      | Noticed Jessica
   991 | D:2      | Killed Jessica
   991 | D:2      | Reached skill level 6 in Maces & Flails
   991 | D:2      | Reached XP level 4. HP: 27/48 MP: 4/4
  1491 | D:2      | Reached *** piety under Trog
  1633 | D:3      | Noticed Vex's ghost (amateur TrMo)
  1653 | D:3      | Killed Vex's ghost
  1653 | D:3      | Reached XP level 5. HP: 50/54 MP: 5/5
  2050 | D:3      | Reached skill level 7 in Maces & Flails
  2115 | D:3      | Found an ancient bone altar of Kikubaaqudgha.
  2115 | D:3      | Found a glowing golden altar of the Shining One.
  2173 | D:3      | Found a snail-covered altar of Cheibriados.
  2288 | D:4      | Noticed Dowan
  2290 | D:4      | Noticed Duvessa
  2299 | D:4      | Killed Duvessa
  2299 | D:4      | Reached skill level 8 in Maces & Flails
  2299 | D:4      | Reached XP level 6. HP: 45/62 MP: 6/6
  2306 | D:4      | Killed Dowan
  2446 | D:4      | You fall through a shaft!
  2446 | D:5      | Entered Level 5 of the Dungeon
  2458 | D:5      | Reached skill level 9 in Maces & Flails
  2458 | D:5      | Reached XP level 7. HP: 51/70 MP: 7/7
  2608 | D:5      | Noticed Edmund
  2623 | D:5      | Killed Edmund
  2672 | D:4      | Reached skill level 10 in Maces & Flails
  2715 | D:4      | Noticed Maka's ghost (amateur OgBe)
  2750 | D:4      | Killed Maka's ghost
  2750 | D:4      | Reached skill level 11 in Maces & Flails
  2750 | D:4      | Reached XP level 8. HP: 52/78 MP: 8/8
  3030 | D:4      | Found a shattered altar of Ashenzari.
  3033 | D:4      | Noticed an ice beast
  3041 | D:4      | Killed an ice beast
  3212 | D:4      | Reached skill level 12 in Maces & Flails
  3603 | D:5      | Noticed Pikel
  3620 | D:5      | Killed Pikel
  3620 | D:5      | Reached XP level 9. HP: 84/84 MP: 9/9
  3634 | D:5      | Noticed Vex's ghost (novice TrMo)
  3777 | D:5      | Killed Vex's ghost
  4161 | D:5      | Noticed Prince Ribbit
  4168 | D:5      | Killed Prince Ribbit
  4355 | D:5      | Found a deep blue altar of Sif Muna.
  4556 | D:6      | Reached skill level 13 in Maces & Flails
  4569 | D:6      | Found Xyjiqem's Antique Weapon Shop.
  4621 | D:5      | Reached **** piety under Trog
  5029 | D:6      | Noticed Crazy Yiuf
  5033 | D:6      | Killed Crazy Yiuf
  5451 | D:6      | Reached skill level 14 in Maces & Flails
  5722 | D:6      | Reached XP level 10. HP: 54/92 MP: 10/10
  6216 | D:7      | Noticed Maka's ghost (novice DrTm)
  6336 | D:7      | Killed Maka's ghost
  6336 | D:7      | Reached skill level 15 in Maces & Flails
  6763 | D:7      | Reached skill level 5 in Fighting
  6862 | D:7      | Found a staircase to the Ecumenical Temple.
  7089 | D:8      | Noticed Psyche
  7108 | D:8      | Killed Psyche
  7518 | D:8      | Noticed Joseph
  7527 | D:8      | Killed Joseph
  7527 | D:8      | Reached skill level 16 in Maces & Flails
  8592 | D:9      | Found a blossoming altar of Fedhas.
  8621 | D:9      | Noticed Erica
  8659 | D:9      | Killed Erica
  8659 | D:9      | Reached skill level 17 in Maces & Flails
  8659 | D:9      | Reached XP level 11. HP: 47/102 MP: 11/11
  8853 | D:9      | Found a staircase to the Lair.
  8949 | D:9      | Found a glowing silver altar of Zin.
  9012 | D:9      | Found a staircase to the Orcish Mines.
  9023 | D:9      | Found an opulent altar of Gozag.
  9024 | D:9      | Found a sparkling altar of Nemelex Xobeh.
  9245 | D:9      | Found a shimmering altar of Xom.
  9333 | D:9      | Noticed Erolcha
  9353 | D:9      | Killed Erolcha
  9532 | D:9      | Found a bloodstained altar of Trog.
  9533 | D:9      | Found an iron altar of Okawaru.
  9542 | D:9      | Slain by an orc warrior

Vault maps used:
D:1:      sevenhm_arrival_forest_fort_small_5
D:2:      minmay_rat_hole, uniq_jessica, uniq_robin
D:3:      gammafunk_temple_overflow_statue, cheibriados_altar_1, first_bread
D:4:      cheibrodos_ashenzari_chains, amethyst_killhole, uniq_duvessa
D:5:      lemuel_blue_sif_altar, uniq_pikel, uniq_prince_ribbit1, uniq_edmund
D:6:      serial_shops, nicolae_shop_crystal, uniq_crazy_yiuf_cottage
D:7:      kennysheep_big_flooded_room, minmay_temple_entry_purple_smoke
D:8:      nicolae_whirlpool, uniq_joseph, uniq_psyche
D:9:      grunt_temple_overflow_bloody_war, zin_treasury, lemuel_doored_altar,
          kennysheep_mini, grunt_temple_overflow_opulence, lair_0_dummy,
          david_orc_2, serial_glass, glass_columns_a, glass_columns_b,
          hangedman_fish_farm, chei_slow_surprise, uniq_erolcha, uniq_erica

Action                   |  1- 3 |  4- 6 |  7- 9 | 10-12 || total
-------------------------+-------+-------+-------+-------++-------
Melee: Mace              |    88 |   136 |    29 |       ||   253
       Flail             |       |       |   142 |       ||   142
       Giant spiked club |       |       |   108 |   215 ||   323
Invok: Berserk           |       |     1 |     7 |     4 ||    12
       Trog's Hand       |       |     1 |     2 |     6 ||     9
Evoke: Wand              |       |       |       |     3 ||     3
  Use: Scroll            |       |     8 |     9 |     2 ||    19
       Potion            |       |       |     1 |       ||     1
 Stab: Sleeping          |     2 |       |     1 |       ||     3
  Eat: Fruit             |       |     3 |     4 |       ||     7
       Chunk             |       |     3 |    12 |     7 ||    22
       Royal jelly       |       |       |     1 |     2 ||     3
       Beef jerky        |       |       |     1 |       ||     1
       Meat ration       |       |       |       |     1 ||     1
